Bears vs Marlies

Created - Thursday, October 16, 2014 at 20:50

Goals
1 2 3 T
Bears 0 0 0 0
Marlies 0 0 1 1
Shots
1 2 3 T
Bears 8 11 8 27
Marlies 8 15 17 40

1st period

No Goal

Penalties :
George Parros (TOR) for Fighting (Major) at 0:28, Erick Lizon (Her) for Fighting (Major) at 0:28, Rich Clune (TOR) for Hooking (Minor) at 0:40, Eric Neilson (Her) for Hooking (Minor) at 4:17, George Parros (TOR) for Fighting (Major) at 10:48, Shawn O'Donnell (Her) for Fighting (Major) at 10:48, George Parros (TOR) for instigated a fight (Minor) at 10:48, George Parros (TOR) for instigated a fight (10 Minutes Misconduct) at 10:48, Shane Prince (TOR) for Holding (Minor) at 14:30

2nd period

No Goal

Penalties :
Rich Clune (TOR) for Fighting (Major) at 2:18, Shawn O'Donnell (Her) for Fighting (Major) at 2:18, Rich Clune (TOR) for instigated a fight (Minor) at 2:18, Rich Clune (TOR) for instigated and being the aggresor in a fight (20 Minutes Game Misconduct) at 2:18, Joel Armia (TOR) for Hooking (Minor) at 6:32

3rd period

1. Marlies , George Parros 3 (Jonathon Blum, Sheldon Brookbank) at 0:30

Penalties :
No Penalty

Goalie Stats

Karri Ramo (Her), 39 saves from 40 shots - (0.975), L, 1-1-0, 59:56 minutes
Tyler Beskorowany (TOR), 27 saves from 27 shots - (1.000), W, 1-0-2, 60:00 minutes

Players Stats for Bears

Player Name              G  A  P  +/- PIM S  H  SB GA TA FO     MP     PP MP  PK MP  
------------------------------------------------------------------------------------
Ben Youds                0  0  0   0  0   1  0  1  1  1  0/0    10:20   0:00   0:00 
Brett Clark              0  0  0  -1  0   4  0  3  0  1  0/0    23:59   5:23   1:37 
Chris Bruton             0  0  0   0  0   1  0  0  0  0  3/3     8:24   0:00   0:00 
David Dziurzynski        0  0  0  -1  0   1  0  0  5  0  0/0    20:27   6:10   0:40 
Eric Neilson             0  0  0   0  2   1  3  0  0  0  1/2    18:29   3:45   0:00 
Erick Lizon              0  0  0  -1  5   0  2  0  0  0  0/0    17:52   5:02   0:18 
Farm Player15            0  0  0   0  0   0  0  0  0  0  0/1    15:17   0:00   0:00 
Farm Player17            0  0  0   0  0   0  0  0  0  1  0/0     9:35   0:00   0:00 
Harry Young              0  0  0   0  0   0  1  0  0  0  0/0     6:47   0:00   0:00 
Kevin Henderson          0  0  0   0  0   2  1  0  2  0  0/1    19:29   3:45   0:40 
Mark Cundari             0  0  0   0  0   3  0  1  1  1  0/0    10:20   0:00   0:00 
Mark Flood               0  0  0   0  0   1  0  1  1  0  0/0    19:25   4:32   0:22 
Matt Taormina            0  0  0   0  0   5  0  1  4  1  0/0    19:25   4:32   0:22 
Maxime Macenauer         0  0  0   0  0   0  0  1  0  1  4/10   20:38   3:36   1:19 
Patrice Cormier          0  0  0  -1  0   1  1  2  3  0  7/15   21:39   5:49   1:19 
Shawn O'Donnell          0  0  0   0  10  1  3  0  2  2  0/0    14:43   0:00   0:00 
Stefan Elliott           0  0  0  -1  0   5  2  3  4  3  0/0    23:28   5:23   1:37 
Tyler Brown              0  0  0   0  0   1  0  0  3  1  7/12   17:58   1:38   0:00 

Players Stats for Marlies

Player Name              G  A  P  +/- PIM S  H  SB GA TA FO     MP     PP MP  PK MP  
------------------------------------------------------------------------------------
Andrew Yogan             0  0  0   0  0   2  0  0  1  0  5/9    17:38   0:00   3:08 
Austen Brassard          0  0  0   0  0   0  1  1  1  1  0/0    17:11   0:00   3:15 
Brendon Nash             0  0  0   0  0   0  1  0  0  0  0/0    10:38   0:00   0:00 
Colton Gillies           0  0  0   1  0   2  1  0  1  1  3/8    21:42   1:17   5:20 
Drew Schiestel           0  0  0   0  0   0  1  0  0  2  1/1    13:44   0:00   0:00 
George Parros            1  0  1   1  22  5  3  0  2  0  0/0    12:05   0:21   0:37 
Harrison Ruopp           0  0  0   0  0   0  0  0  1  0  0/0    10:38   0:00   0:00 
Jake Hansen              0  0  0   0  0   2  0  0  2  0  1/1    17:15   0:56   0:00 
Jason Clark              0  0  0   0  0   0  0  0  0  0  3/4     9:30   0:00   0:00 
Joel Armia               0  0  0   0  2   1  1  3  3  1  0/0    17:03   0:42   0:00 
Jonathon Blum            0  1  1   1  0   6  0  0  0  1  0/0    20:56   1:04   5:22 
Matt Dumba               0  0  0   0  0   3  1  0  2  0  0/1    20:25   0:55   4:33 
Morgan Ellis             0  0  0   0  0   3  1  0  0  0  0/0    12:47   0:00   0:00 
Nicolas Deschamps        0  0  0   0  0   3  1  0  2  0  4/10   18:25   0:42   0:50 
Rich Clune               0  0  0   0  29  0  2  0  2  0  0/0     7:26   0:42   2:01 
Scott Harrington         0  0  0   0  0   1  2  0  0  0  0/0    15:39   0:55   4:33 
Shane Prince             0  0  0   1  2   5  1  1  1  2  5/10   22:17   1:17   5:09 
Sheldon Brookbank        0  1  1   1  0   7  1  0  2  3  0/0    25:10   1:04   5:22 

3 Stars

1 - Tyler Beskorowany (TOR)
2 - Karri Ramo (Her)
3 - Sheldon Brookbank (TOR)

Power Play

Bears - 0 on 5 Attempt(s) - 0.00%
Marlies - 0 on 1 Attempt(s) - 0.00%

Penalty Kill

Bears - 1 on 1 Attempt(s) - 100.00% - Score 0 goal in Penalty Kill
Marlies - 5 on 5 Attempt(s) - 100.00% - Score 0 goal in Penalty Kill

Official

Referees : Unknown
Linesman : Unknown

Game Notes

George Parros and Erick Lizon fight to a draw at 0:28 of 1st period
Shawn O'Donnell beats up George Parros at 10:48 of 1st period
Rich Clune beats up Shawn O'Donnell at 2:18 of 2nd period
Rich Clune ejected from game at 2:18 of 2nd period

Finance

Level 1 -- Attendance: 1602 (80.10%) -- Ticket Income $56,070
Level 2 -- Attendance: 702 (70.20%) -- Ticket Income $7,020
Total Attendance: 2304 (76.80%)
Total Ticket Income: $63,090
Other Income: $30,914
Total Income: $94,004

Bears

5 vs 5 Forward 
   Center                   Left Wing                Right Wing               Time % Phy DF OF 
 1 Patrice Cormier          David Dziurzynski        Erick Lizon              35     1   2  2  
 2 Maxime Macenauer         Kevin Henderson          Eric Neilson             30     1   2  2  
 3 Tyler Brown              Shawn O'Donnell          Farm Player15            22     1   2  2  
 4 Chris Bruton             Patrice Cormier          Maxime Macenauer         13     1   2  2  

5 vs 5 Defense 
   Defense                  Defense                                           Time % Phy DF OF 
 1 Brett Clark              Stefan Elliott                                    35     1   2  2  
 2 Mark Flood               Matt Taormina                                     30     1   2  2  
 3 Mark Cundari             Ben Youds                                         22     1   2  2  
 4 Harry Young              Farm Player17                                     13     1   2  2  

PowerPlay Forward 
   Center                   Left Wing                Right Wing               Time % Phy DF OF 
 1 Patrice Cormier          David Dziurzynski        Erick Lizon              60     1   2  2  
 2 Maxime Macenauer         Kevin Henderson          Eric Neilson             40     1   2  2  

PowerPlay Defense
   Defense                  Defense                                           Time % Phy DF OF 
 1 Brett Clark              Stefan Elliott                                    60     1   2  2  
 2 Mark Flood               Matt Taormina                                     40     1   2  2  

Penalty Kill 4 Players Forward 
   Center                   Wing                     Time % Phy DF OF 
 1 Patrice Cormier          Maxime Macenauer         60     1   2  2  
 2 David Dziurzynski        Kevin Henderson          40     1   2  2  

Penalty Kill 4 Players Defense
   Defense                  Defense                  Time % Phy DF OF 
 1 Brett Clark              Stefan Elliott           60     1   2  2  
 2 Mark Flood               Matt Taormina            40     1   2  2  

Penalty Kill - 3 Players Forward 
   Forward                                           Time % Phy DF OF 
 1 Patrice Cormier                                   60     1   2  2  
 2 Maxime Macenauer                                  40     1   2  2  

Penalty Kill - 3 Players Defense
   Defense                  Defense                  Time % Phy DF OF 
 1 Brett Clark              Stefan Elliott           60     1   2  2  
 2 Mark Flood               Matt Taormina            40     1   2  2  

4 vs 4 Forward 
   Center                   Wing                     Time % Phy DF OF 
 1 Patrice Cormier          Maxime Macenauer         60     1   2  2  
 2 David Dziurzynski        Kevin Henderson          40     1   2  2  

4 vs 4 Defense
   Defense                  Defense                  Time % Phy DF OF 
 1 Brett Clark              Stefan Elliott           60     1   2  2  
 2 Mark Flood               Matt Taormina            40     1   2  2  

Last Minutes Offensive
   Center                   Left Wing                Right Wing               Defense                  Defense                  
   Patrice Cormier          David Dziurzynski        Erick Lizon              Brett Clark              Stefan Elliott           

Last Minutes Defensive
   Center                   Left Wing                Right Wing               Defense                  Defense                  
   Patrice Cormier          David Dziurzynski        Erick Lizon              Brett Clark              Stefan Elliott           

Goaltenders
Starting : Karri Ramo               
Backup : John Gibson              

Extra Forwards
Normal : Tyler Brown, Shawn O'Donnell, Chris Bruton - PP : Tyler Brown, Shawn O'Donnell - PK : Chris Bruton
Extra Defensemen
Normal : Mark Cundari, Ben Youds, Harry Young - PP : Mark Cundari - PK : Ben Youds, Harry Young
Penalty Shots
Patrice Cormier, Maxime Macenauer, David Dziurzynski, Kevin Henderson, Tyler Brown

Marlies

5 vs 5 Forward 
   Center                   Left Wing                Right Wing               Time % Phy DF OF 
 1 Shane Prince             Colton Gillies           George Parros            35     1   2  2  
 2 Nicolas Deschamps        Rich Clune               Joel Armia               30     1   2  2  
 3 Andrew Yogan             Sheldon Brookbank        Jake Hansen              22     1   2  2  
 4 Jason Clark              Colton Gillies           Austen Brassard          13     1   2  2  

5 vs 5 Defense 
   Defense                  Defense                                           Time % Phy DF OF 
 1 Sheldon Brookbank        Jonathon Blum                                     35     1   2  2  
 2 Scott Harrington         Matt Dumba                                        30     1   2  2  
 3 Morgan Ellis             Drew Schiestel                                    22     1   2  2  
 4 Brendon Nash             Harrison Ruopp                                    13     1   2  2  

PowerPlay Forward 
   Center                   Left Wing                Right Wing               Time % Phy DF OF 
 1 Shane Prince             Colton Gillies           George Parros            60     1   2  2  
 2 Nicolas Deschamps        Rich Clune               Joel Armia               40     1   2  2  

PowerPlay Defense
   Defense                  Defense                                           Time % Phy DF OF 
 1 Sheldon Brookbank        Jonathon Blum                                     60     1   2  2  
 2 Scott Harrington         Matt Dumba                                        40     1   2  2  

Penalty Kill 4 Players Forward 
   Center                   Wing                     Time % Phy DF OF 
 1 Colton Gillies           Shane Prince             60     1   2  2  
 2 George Parros            Rich Clune               40     1   2  2  

Penalty Kill 4 Players Defense
   Defense                  Defense                  Time % Phy DF OF 
 1 Sheldon Brookbank        Jonathon Blum            60     1   2  2  
 2 Scott Harrington         Matt Dumba               40     1   2  2  

Penalty Kill - 3 Players Forward 
   Forward                                           Time % Phy DF OF 
 1 Colton Gillies                                    60     1   2  2  
 2 Shane Prince                                      40     1   2  2  

Penalty Kill - 3 Players Defense
   Defense                  Defense                  Time % Phy DF OF 
 1 Sheldon Brookbank        Jonathon Blum            60     1   2  2  
 2 Scott Harrington         Matt Dumba               40     1   2  2  

4 vs 4 Forward 
   Center                   Wing                     Time % Phy DF OF 
 1 Colton Gillies           Shane Prince             60     1   2  2  
 2 George Parros            Rich Clune               40     1   2  2  

4 vs 4 Defense
   Defense                  Defense                  Time % Phy DF OF 
 1 Sheldon Brookbank        Jonathon Blum            60     1   2  2  
 2 Scott Harrington         Matt Dumba               40     1   2  2  

Last Minutes Offensive
   Center                   Left Wing                Right Wing               Defense                  Defense                  
   Shane Prince             Colton Gillies           George Parros            Sheldon Brookbank        Jonathon Blum            

Last Minutes Defensive
   Center                   Left Wing                Right Wing               Defense                  Defense                  
   Shane Prince             Colton Gillies           George Parros            Sheldon Brookbank        Jonathon Blum            

Goaltenders
Starting : Tyler Beskorowany        
Backup : Scott Clemmensen         

Extra Forwards
Normal : Jake Hansen, Andrew Yogan, Austen Brassard - PP : Jake Hansen, Andrew Yogan - PK : Austen Brassard
Extra Defensemen
Normal : Morgan Ellis, Drew Schiestel, Brendon Nash - PP : Morgan Ellis - PK : Drew Schiestel, Brendon Nash
Penalty Shots
Sheldon Brookbank, Colton Gillies, Shane Prince, George Parros, Rich Clune

% Time on Ice - Bears

Lines # - Real PCT - Wanted PCT - Time Play
Normal Forward
1 - 29% - 35% - 13:40
2 - 31% - 30% - 14:42
3 - 32% - 22% - 15:17
4 - 8% - 13% - 3:38
Normal Defense
1 - 33% - 35% - 15:48
2 - 31% - 30% - 14:31
3 - 22% - 22% - 10:20
4 - 14% - 13% - 6:38
PP Forward
1 - 62% - 60% - 6:10
2 - 38% - 40% - 3:45
PP Defense
1 - 54% - 60% - 5:23
2 - 46% - 40% - 4:32
PK Forward
1 - 66% - 60% - 1:19
2 - 34% - 40% - 0:40
PK Defense
1 - 82% - 60% - 1:37
2 - 18% - 40% - 0:22
PK3 Forward
1 - 0% - 60%
2 - 0% - 40%
PK3 Defense
1 - 0% - 60%
2 - 0% - 40%
44 Forward
1 - 0% - 60%
2 - 0% - 40%
44 Defense
1 - 0% - 60%
2 - 0% - 40%
Last Minute Offensive  - 0:49
Last Minute Defensive  - 0:00
Total
Forward - 60:00
Defense - 60:00

% Time on Ice - Marlies

Lines # - Real PCT - Wanted PCT - Time Play
Normal Forward
1 - 25% - 35% - 11:49
2 - 40% - 30% - 18:42
3 - 17% - 22% - 8:14
4 - 18% - 13% - 8:24
Normal Defense
1 - 29% - 35% - 13:33
2 - 22% - 30% - 10:11
3 - 27% - 22% - 12:47
4 - 23% - 13% - 10:38
PP Forward
1 - 65% - 60% - 1:17
2 - 35% - 40% - 0:42
PP Defense
1 - 54% - 60% - 1:04
2 - 46% - 40% - 0:55
PK Forward
1 - 65% - 60% - 6:24
2 - 35% - 40% - 3:31
PK Defense
1 - 54% - 60% - 5:22
2 - 46% - 40% - 4:33
PK3 Forward
1 - 0% - 60%
2 - 0% - 40%
PK3 Defense
1 - 0% - 60%
2 - 0% - 40%
44 Forward
1 - 0% - 60%
2 - 0% - 40%
44 Defense
1 - 0% - 60%
2 - 0% - 40%
Last Minute Offensive  - 0:00
Last Minute Defensive  - 0:57
Total
Forward - 60:00
Defense - 60:00

Play by Play

1st period


0:01 of 1st period - Patrice Cormier wins face-off versus Shane Prince in neutral zone.
0:14 of 1st period - Erick Lizon is hit by George Parros and loses puck.
0:19 of 1st period - Snap shot by Jonathon Blum.
0:19 of 1st period - Shot Blocked by Stefan Elliott.
0:21 of 1st period - Slapshot by Jonathon Blum.
0:21 of 1st period - Stopped by Karri Ramo with a rebound.
0:25 of 1st period - Snap shot by George Parros.
0:25 of 1st period - Shot Misses the Net.
0:28 of 1st period - George Parros and Erick Lizon fight to a draw.
0:28 of 1st period - Penalty to George Parros for Fighting.
0:28 of 1st period - Penalty to Erick Lizon for Fighting.
0:29 of 1st period - Maxime Macenauer wins face-off versus Nicolas Deschamps in Bears zone.
0:29 of 1st period - Maxime Macenauer is hit by Scott Harrington.
0:40 of 1st period - Minor Penalty to Rich Clune for Hooking.
0:41 of 1st period - Patrice Cormier wins face-off versus Colton Gillies in Marlies zone.
1:35 of 1st period - Jonathon Blum is hit by Kevin Henderson and loses puck.
1:40 of 1st period - Wrist shot by Maxime Macenauer.
1:40 of 1st period - Shot Misses the Net.
1:42 of 1st period - Wrist shot by Kevin Henderson.
1:42 of 1st period - Shot Misses the Net.
1:44 of 1st period - Snap shot by Kevin Henderson.
1:44 of 1st period - Shot Misses the Net.
2:40 of 1st period - Penalty to Rich Clune is over, Rich Clune is back on ice.
3:05 of 1st period - Wrist shot by Joel Armia.
3:05 of 1st period - Stopped by Karri Ramo without a rebound.
3:06 of 1st period - Nicolas Deschamps wins face-off versus Farm Player15 in Bears zone.
3:16 of 1st period - Icing by Mark Cundari.
3:17 of 1st period - Andrew Yogan wins face-off versus Tyler Brown in Bears zone.
3:52 of 1st period - Morgan Ellis is hit by Patrice Cormier and loses puck.
4:09 of 1st period - Rich Clune is hit by Eric Neilson and loses puck.
4:17 of 1st period - Minor Penalty to Eric Neilson for Hooking.
4:18 of 1st period - Patrice Cormier wins face-off versus Shane Prince in Bears zone.
4:45 of 1st period - Slapshot by Sheldon Brookbank.
4:45 of 1st period - Shot Blocked by Stefan Elliott.
4:47 of 1st period - Slapshot by Sheldon Brookbank.
4:47 of 1st period - Stopped by Karri Ramo with a rebound.
5:28 of 1st period - Penalty to Erick Lizon is over, Erick Lizon is back on ice.
6:17 of 1st period - Penalty to Eric Neilson is over, Eric Neilson is back on ice.
6:25 of 1st period - Kevin Henderson is hit by Rich Clune and loses puck.
9:03 of 1st period - Snap shot by Jake Hansen.
9:03 of 1st period - Stopped by Karri Ramo with a rebound.
9:25 of 1st period - Slapshot by Sheldon Brookbank.
9:25 of 1st period - Stopped by Karri Ramo without a rebound.
9:26 of 1st period - Shane Prince wins face-off versus Eric Neilson in Bears zone.
9:51 of 1st period - Backhand shot by Stefan Elliott.
9:51 of 1st period - Deflect By David Dziurzynski.
9:51 of 1st period - Shot Misses the Net.
9:51 of 1st period - Puck is out of play.
9:52 of 1st period - Nicolas Deschamps wins face-off versus Patrice Cormier in Marlies zone.
10:23 of 1st period - Slapshot by Matt Dumba.
10:23 of 1st period - Stopped by Karri Ramo with a rebound.
10:25 of 1st period - Slapshot by Scott Harrington.
10:25 of 1st period - Stopped by Karri Ramo with a rebound.
10:48 of 1st period - Shawn O'Donnell beats up George Parros.
10:48 of 1st period - Penalty to George Parros for Fighting.
10:48 of 1st period - Penalty to Shawn O'Donnell for Fighting.
10:48 of 1st period - Penalty to George Parros for instigated a fight.
10:48 of 1st period - Penalty to George Parros for instigated a fight.
10:49 of 1st period - Colton Gillies wins face-off versus Patrice Cormier in Bears zone.
10:50 of 1st period - Snap shot by Jonathon Blum.
10:50 of 1st period - Shot Blocked by Stefan Elliott.
11:04 of 1st period - Snap shot by Stefan Elliott.
11:04 of 1st period - Stopped by Tyler Beskorowany with a rebound.
11:22 of 1st period - Snap shot by Stefan Elliott.
11:22 of 1st period - Shot Blocked by Shane Prince.
11:24 of 1st period - Slapshot by Brett Clark.
11:24 of 1st period - Stopped by Tyler Beskorowany with a rebound.
11:26 of 1st period - Slapshot by Stefan Elliott.
11:26 of 1st period - Stopped by Tyler Beskorowany with a rebound.
11:40 of 1st period - Jonathon Blum is hit by Erick Lizon.
12:48 of 1st period - Penalty to George Parros is over, Austen Brassard is send on ice.
12:49 of 1st period - Eric Neilson is hit by Rich Clune and loses puck.
12:58 of 1st period - Slapshot by Mark Cundari.
12:58 of 1st period - Shot Misses the Net.
14:24 of 1st period - Wrist shot by Patrice Cormier.
14:24 of 1st period - Stopped by Tyler Beskorowany with a rebound.
14:30 of 1st period - Minor Penalty to Shane Prince for Holding.
14:31 of 1st period - Colton Gillies wins face-off versus Maxime Macenauer in Marlies zone.
15:31 of 1st period - Wrist shot by Brett Clark.
15:31 of 1st period - Deflect By Rich Clune.
15:31 of 1st period - Stopped by Tyler Beskorowany without a rebound.
15:32 of 1st period - Eric Neilson wins face-off versus Colton Gillies in Marlies zone.
15:48 of 1st period - Penalty to George Parros is over, Austen Brassard is send on ice.
16:15 of 1st period - Slapshot by Brett Clark.
16:15 of 1st period - Shot Blocked by Austen Brassard.
16:17 of 1st period - Slapshot by Eric Neilson.
16:17 of 1st period - Stopped by Tyler Beskorowany without a rebound.
16:18 of 1st period - Maxime Macenauer wins face-off versus Colton Gillies in Marlies zone.
16:30 of 1st period - Penalty to Shane Prince is over, Shane Prince is back on ice.
16:34 of 1st period - Icing by David Dziurzynski.
16:35 of 1st period - Patrice Cormier wins face-off versus Shane Prince in Bears zone.
17:14 of 1st period - Slapshot by Mark Flood.
17:14 of 1st period - Deflect By Shawn O'Donnell.
17:14 of 1st period - Shot Misses the Net.
17:14 of 1st period - Puck is out of play.
17:15 of 1st period - Tyler Brown wins face-off versus Nicolas Deschamps in Marlies zone.
17:34 of 1st period - Slapshot by Stefan Elliott.
17:34 of 1st period - Deflect By Shawn O'Donnell.
17:34 of 1st period - Stopped by Tyler Beskorowany without a rebound.
17:35 of 1st period - Andrew Yogan wins face-off versus Maxime Macenauer in Marlies zone.
18:06 of 1st period - Stefan Elliott is hit by Colton Gillies and loses puck.
18:37 of 1st period - Slapshot by Matt Taormina.
18:37 of 1st period - Stopped by Tyler Beskorowany without a rebound.
18:38 of 1st period - Nicolas Deschamps wins face-off versus Tyler Brown in Marlies zone.
19:10 of 1st period - Icing by Shane Prince.
19:11 of 1st period - Maxime Macenauer wins face-off versus Shane Prince in Marlies zone.
19:55 of 1st period - Slapshot by Jonathon Blum.
19:55 of 1st period - Deflect By Stefan Elliott.
19:55 of 1st period - Stopped by Karri Ramo with a rebound.
19:57 of 1st period - Snap shot by Nicolas Deschamps.
19:57 of 1st period - Shot Misses the Net.
19:59 of 1st period - Wrist shot by Rich Clune.
19:59 of 1st period - Shot Hit the Post.
Goals for this period are 0 for Bears vs 0 for Marlies.
Shots for this period are 8 for Bears vs 8 for Marlies.

2nd period


0:01 of 2nd period - Patrice Cormier wins face-off versus Colton Gillies in neutral zone.
0:12 of 2nd period - Slapshot by Jonathon Blum.
0:12 of 2nd period - Shot Blocked by Patrice Cormier.
0:14 of 2nd period - Slapshot by Sheldon Brookbank.
0:14 of 2nd period - Shot Blocked by Patrice Cormier.
0:16 of 2nd period - Wrist shot by Colton Gillies.
0:16 of 2nd period - Stopped by Karri Ramo without a rebound.
0:17 of 2nd period - Shane Prince wins face-off versus Patrice Cormier in Bears zone.
0:18 of 2nd period - Slapshot by Jonathon Blum.
0:18 of 2nd period - Deflect By Shane Prince.
0:18 of 2nd period - Stopped by Karri Ramo with a rebound.
0:22 of 2nd period - Snap shot by Shane Prince.
0:22 of 2nd period - Stopped by Karri Ramo without a rebound.
0:23 of 2nd period - Jake Hansen wins face-off versus Maxime Macenauer in Bears zone.
0:23 of 2nd period - Jonathon Blum is hit by Stefan Elliott and loses puck.
0:40 of 2nd period - Slapshot by Jonathon Blum.
0:40 of 2nd period - Shot Misses the Net.
0:42 of 2nd period - Slapshot by Jonathon Blum.
0:42 of 2nd period - Shot Blocked by Brett Clark.
0:44 of 2nd period - Snap shot by Andrew Yogan.
0:44 of 2nd period - Deflect By Jake Hansen.
0:44 of 2nd period - Stopped by Karri Ramo with a rebound.
2:04 of 2nd period - Snap shot by Matt Taormina.
2:04 of 2nd period - Stopped by Tyler Beskorowany without a rebound.
2:05 of 2nd period - Tyler Brown wins face-off versus Nicolas Deschamps in Marlies zone.
2:15 of 2nd period - Snap shot by Shawn O'Donnell.
2:15 of 2nd period - Shot Misses the Net.
2:17 of 2nd period - Snap shot by Tyler Brown.
2:17 of 2nd period - Shot Misses the Net.
2:18 of 2nd period - Rich Clune beats up Shawn O'Donnell.
2:18 of 2nd period - Penalty to Rich Clune for Fighting.
2:18 of 2nd period - Penalty to Shawn O'Donnell for Fighting.
2:18 of 2nd period - Penalty to Rich Clune for instigated a fight.
2:18 of 2nd period - Penalty to Rich Clune for instigated and being the aggresor in a fight.
2:18 of 2nd period - Rich Clune is ejected from game.
2:19 of 2nd period - Patrice Cormier wins face-off versus Colton Gillies in Marlies zone.
2:44 of 2nd period - Slapshot by Brett Clark.
2:44 of 2nd period - Deflect By David Dziurzynski.
2:44 of 2nd period - Stopped by Tyler Beskorowany with a rebound.
2:46 of 2nd period - Slapshot by Brett Clark.
2:46 of 2nd period - Stopped by Tyler Beskorowany with a rebound.
2:48 of 2nd period - Slapshot by Stefan Elliott.
2:48 of 2nd period - Stopped by Tyler Beskorowany with a rebound.
3:22 of 2nd period - Shane Prince is hit by Eric Neilson and loses puck.
3:50 of 2nd period - Matt Taormina is hit by Austen Brassard and loses puck.
4:07 of 2nd period - Snap shot by Nicolas Deschamps.
4:07 of 2nd period - Shot Misses the Net.
4:09 of 2nd period - Snap shot by Matt Dumba.
4:09 of 2nd period - Stopped by Karri Ramo with a rebound.
4:11 of 2nd period - Slapshot by Andrew Yogan.
4:11 of 2nd period - Stopped by Karri Ramo without a rebound.
4:12 of 2nd period - Andrew Yogan wins face-off versus Maxime Macenauer in Bears zone.
4:18 of 2nd period - Penalty to Rich Clune is over, Austen Brassard is send on ice.
4:19 of 2nd period - Snap shot by Nicolas Deschamps.
4:19 of 2nd period - Deflect By Andrew Yogan.
4:19 of 2nd period - Stopped by Karri Ramo without a rebound.
4:20 of 2nd period - Nicolas Deschamps wins face-off versus Maxime Macenauer in Bears zone.
4:35 of 2nd period - Slapshot by Joel Armia.
4:35 of 2nd period - Shot Blocked by Brett Clark.
4:43 of 2nd period - Snap shot by Nicolas Deschamps.
4:43 of 2nd period - Shot Misses the Net.
4:45 of 2nd period - Wrist shot by Nicolas Deschamps.
4:45 of 2nd period - Stopped by Karri Ramo with a rebound.
4:47 of 2nd period - Slapshot by Morgan Ellis.
4:47 of 2nd period - Shot Misses the Net.
4:51 of 2nd period - Snap shot by Nicolas Deschamps.
4:51 of 2nd period - Stopped by Karri Ramo with a rebound.
5:09 of 2nd period - Slapshot by Sheldon Brookbank.
5:09 of 2nd period - Stopped by Karri Ramo with a rebound.
5:11 of 2nd period - Snap shot by Austen Brassard.
5:11 of 2nd period - Shot Misses the Net.
5:13 of 2nd period - Snap shot by Jake Hansen.
5:13 of 2nd period - Shot Blocked by Brett Clark.
5:15 of 2nd period - Slapshot by Jonathon Blum.
5:15 of 2nd period - Stopped by Karri Ramo with a rebound.
5:17 of 2nd period - Snap shot by Sheldon Brookbank.
5:17 of 2nd period - Shot Misses the Net.
5:19 of 2nd period - Snap shot by Austen Brassard.
5:19 of 2nd period - Shot Blocked by Maxime Macenauer.
5:48 of 2nd period - 10 Minutes Misconduct Penalty to George Parros is over.
6:02 of 2nd period - Matt Dumba is hit by Stefan Elliott and loses puck.
6:32 of 2nd period - Minor Penalty to Joel Armia for Hooking.
6:33 of 2nd period - Colton Gillies wins face-off versus Patrice Cormier in Marlies zone.
7:18 of 2nd period - Penalty to Rich Clune is over, Austen Brassard is send on ice.
7:26 of 2nd period - Jonathon Blum is hit by Erick Lizon and loses puck.
7:50 of 2nd period - Slapshot by Stefan Elliott.
7:50 of 2nd period - Stopped by Tyler Beskorowany without a rebound.
7:51 of 2nd period - Shane Prince wins face-off versus Patrice Cormier in Marlies zone.
8:32 of 2nd period - Penalty to Joel Armia is over, Joel Armia is back on ice.
8:38 of 2nd period - Icing by Kevin Henderson.
8:39 of 2nd period - Maxime Macenauer wins face-off versus Nicolas Deschamps in Bears zone.
8:52 of 2nd period - Slapshot by Joel Armia.
8:52 of 2nd period - Shot Misses the Net.
9:10 of 2nd period - Slapshot by Mark Cundari.
9:10 of 2nd period - Shot Blocked by Joel Armia.
10:18 of 2nd period - Wrist shot by Sheldon Brookbank.
10:18 of 2nd period - Stopped by Karri Ramo with a rebound.
10:24 of 2nd period - Jake Hansen is hit by Harry Young and loses puck.
11:52 of 2nd period - Slapshot by Kevin Henderson.
11:52 of 2nd period - Deflect By Chris Bruton.
11:52 of 2nd period - Stopped by Tyler Beskorowany without a rebound.
11:53 of 2nd period - Chris Bruton wins face-off versus Andrew Yogan in Marlies zone.
11:56 of 2nd period - Slapshot by Brett Clark.
11:56 of 2nd period - Stopped by Tyler Beskorowany with a rebound.
11:58 of 2nd period - Wrist shot by Stefan Elliott.
11:58 of 2nd period - Stopped by Tyler Beskorowany without a rebound.
11:59 of 2nd period - Chris Bruton wins face-off versus Andrew Yogan in Marlies zone.
13:42 of 2nd period - Shane Prince is hit by Shawn O'Donnell and loses puck.
13:58 of 2nd period - Wrist shot by Matt Taormina.
13:58 of 2nd period - Stopped by Tyler Beskorowany with a rebound.
14:00 of 2nd period - Slapshot by Mark Flood.
14:00 of 2nd period - Stopped by Tyler Beskorowany with a rebound.
14:22 of 2nd period - Matt Taormina is hit by Drew Schiestel and loses puck.
15:32 of 2nd period - Scott Harrington is hit by Shawn O'Donnell and loses puck.
16:01 of 2nd period - Harrison Ruopp is hit by Eric Neilson and loses puck.
16:44 of 2nd period - Snap shot by George Parros.
16:44 of 2nd period - Stopped by Karri Ramo with a rebound.
17:08 of 2nd period - Snap shot by Mark Flood.
17:08 of 2nd period - Deflect By Tyler Brown.
17:08 of 2nd period - Shot Misses the Net.
17:08 of 2nd period - Puck is out of play.
17:09 of 2nd period - Tyler Brown wins face-off versus Matt Dumba in Marlies zone.
17:18 of 2nd period - 10 Minutes Misconduct Penalty to Rich Clune is over.
17:46 of 2nd period - Wrist shot by Kevin Henderson.
17:46 of 2nd period - Stopped by Tyler Beskorowany with a rebound.
18:41 of 2nd period - Wrist shot by Morgan Ellis.
18:41 of 2nd period - Stopped by Karri Ramo without a rebound.
18:42 of 2nd period - Jason Clark wins face-off versus Tyler Brown in Bears zone.
19:23 of 2nd period - Wrist shot by George Parros.
19:23 of 2nd period - Shot Blocked by Matt Taormina.
19:25 of 2nd period - Wrist shot by Shane Prince.
19:25 of 2nd period - Stopped by Karri Ramo with a rebound.
19:41 of 2nd period - Snap shot by Joel Armia.
19:41 of 2nd period - Deflect By Brett Clark.
19:41 of 2nd period - Shot Misses the Net.
19:41 of 2nd period - Puck is out of play.
19:42 of 2nd period - Chris Bruton wins face-off versus Nicolas Deschamps in Bears zone.
Goals for this period are 0 for Bears vs 0 for Marlies.
Shots for this period are 11 for Bears vs 15 for Marlies.

3rd period


0:01 of 3rd period - Shane Prince wins face-off versus Patrice Cormier in neutral zone.
0:08 of 3rd period - Slapshot by Jonathon Blum.
0:08 of 3rd period - Stopped by Karri Ramo without a rebound.
0:09 of 3rd period - Shane Prince wins face-off versus Patrice Cormier in Bears zone.
0:30 of 3rd period - Wrist shot by George Parros.
0:30 of 3rd period - Goal by George Parros - Bears : 0 - Marlies : 1.
0:31 of 3rd period - Patrice Cormier wins face-off versus Shane Prince in neutral zone.
0:43 of 3rd period - Snap shot by George Parros.
0:43 of 3rd period - Stopped by Karri Ramo with a rebound.
1:28 of 3rd period - Erick Lizon is hit by Joel Armia and loses puck.
2:06 of 3rd period - Snap shot by Kevin Henderson.
2:06 of 3rd period - Stopped by Tyler Beskorowany without a rebound.
2:07 of 3rd period - Jason Clark wins face-off versus Kevin Henderson in Marlies zone.
2:44 of 3rd period - Kevin Henderson is hit by Morgan Ellis.
2:56 of 3rd period - Snap shot by Morgan Ellis.
2:56 of 3rd period - Stopped by Karri Ramo with a rebound.
2:58 of 3rd period - Slapshot by Matt Dumba.
2:58 of 3rd period - Deflect By Sheldon Brookbank.
2:58 of 3rd period - Stopped by Karri Ramo with a rebound.
3:00 of 3rd period - Snap shot by Sheldon Brookbank.
3:00 of 3rd period - Stopped by Karri Ramo with a rebound.
3:13 of 3rd period - Harry Young is hit by Scott Harrington.
3:17 of 3rd period - Matt Dumba is hit by Shawn O'Donnell and loses puck.
4:08 of 3rd period - Stefan Elliott is hit by Nicolas Deschamps and loses puck.
4:21 of 3rd period - Snap shot by Kevin Henderson.
4:21 of 3rd period - Shot Blocked by Joel Armia.
5:28 of 3rd period - Snap shot by George Parros.
5:28 of 3rd period - Shot Blocked by Mark Cundari.
5:30 of 3rd period - Snap shot by Scott Harrington.
5:30 of 3rd period - Shot Misses the Net.
5:32 of 3rd period - Wrist shot by Shane Prince.
5:32 of 3rd period - Stopped by Karri Ramo with a rebound.
5:55 of 3rd period - Wrist shot by Shane Prince.
5:55 of 3rd period - Shot Blocked by Ben Youds.
5:57 of 3rd period - Backhand shot by Sheldon Brookbank.
5:57 of 3rd period - Stopped by Karri Ramo with a rebound.
6:19 of 3rd period - Slapshot by Jonathon Blum.
6:19 of 3rd period - Stopped by Karri Ramo without a rebound.
6:20 of 3rd period - Andrew Yogan wins face-off versus Patrice Cormier in Bears zone.
7:25 of 3rd period - Wrist shot by Tyler Brown.
7:25 of 3rd period - Stopped by Tyler Beskorowany with a rebound.
8:02 of 3rd period - Icing by Harry Young.
8:03 of 3rd period - Jason Clark wins face-off versus Maxime Macenauer in Bears zone.
8:54 of 3rd period - Mark Flood is hit by Sheldon Brookbank and loses puck.
9:11 of 3rd period - Slapshot by Jonathon Blum.
9:11 of 3rd period - Deflect By Shane Prince.
9:11 of 3rd period - Stopped by Karri Ramo with a rebound.
9:21 of 3rd period - Snap shot by Sheldon Brookbank.
9:21 of 3rd period - Shot Blocked by Mark Flood.
9:23 of 3rd period - Slapshot by Jonathon Blum.
9:23 of 3rd period - Deflect By Matt Taormina.
9:23 of 3rd period - Stopped by Karri Ramo with a rebound.
9:37 of 3rd period - Snap shot by Shane Prince.
9:37 of 3rd period - Shot Misses the Net.
9:39 of 3rd period - Wrist shot by Nicolas Deschamps.
9:39 of 3rd period - Stopped by Karri Ramo with a rebound.
9:51 of 3rd period - David Dziurzynski is hit by Shane Prince and loses puck.
10:50 of 3rd period - Wrist shot by George Parros.
10:50 of 3rd period - Deflect By Kevin Henderson.
10:50 of 3rd period - Stopped by Karri Ramo with a rebound.
10:52 of 3rd period - Slapshot by Morgan Ellis.
10:52 of 3rd period - Stopped by Karri Ramo with a rebound.
10:54 of 3rd period - Snap shot by Colton Gillies.
10:54 of 3rd period - Stopped by Karri Ramo without a rebound.
10:55 of 3rd period - Tyler Brown wins face-off versus Nicolas Deschamps in Bears zone.
10:55 of 3rd period - Tyler Brown is hit by George Parros.
11:03 of 3rd period - Slapshot by Mark Cundari.
11:03 of 3rd period - Stopped by Tyler Beskorowany with a rebound.
11:23 of 3rd period - Snap shot by Ben Youds.
11:23 of 3rd period - Deflect By Shane Prince.
11:23 of 3rd period - Stopped by Tyler Beskorowany without a rebound.
11:24 of 3rd period - Tyler Brown wins face-off versus Andrew Yogan in Marlies zone.
12:06 of 3rd period - Slapshot by Matt Dumba.
12:06 of 3rd period - Stopped by Karri Ramo without a rebound.
12:07 of 3rd period - Tyler Brown wins face-off versus Jason Clark in Bears zone.
13:13 of 3rd period - Mark Flood is hit by Matt Dumba and loses puck.
13:37 of 3rd period - Wrist shot by Matt Taormina.
13:37 of 3rd period - Deflect By Sheldon Brookbank.
13:37 of 3rd period - Stopped by Tyler Beskorowany with a rebound.
13:39 of 3rd period - Wrist shot by Matt Taormina.
13:39 of 3rd period - Stopped by Tyler Beskorowany without a rebound.
13:40 of 3rd period - Andrew Yogan wins face-off versus Tyler Brown in Marlies zone.
14:35 of 3rd period - Stefan Elliott is hit by Brendon Nash and loses puck.
14:53 of 3rd period - Wrist shot by Jason Clark.
14:53 of 3rd period - Shot Misses the Net.
15:21 of 3rd period - Eric Neilson is hit by George Parros and loses puck.
16:29 of 3rd period - Slapshot by Mark Cundari.
16:29 of 3rd period - Deflect By Matt Dumba.
16:29 of 3rd period - Stopped by Tyler Beskorowany without a rebound.
16:30 of 3rd period - Tyler Brown wins face-off versus Andrew Yogan in Marlies zone.
16:33 of 3rd period - Snap shot by Tyler Brown.
16:33 of 3rd period - Shot Blocked by Joel Armia.
16:45 of 3rd period - Wrist shot by Kevin Henderson.
16:45 of 3rd period - Shot Misses the Net.
17:17 of 3rd period - Slapshot by Mark Cundari.
17:17 of 3rd period - Stopped by Tyler Beskorowany with a rebound.
19:19 of 3rd period - Wrist shot by George Parros.
19:19 of 3rd period - Stopped by Karri Ramo without a rebound.
19:20 of 3rd period - Brad Shaw call a timeout for Bears.
19:20 of 3rd period - Drew Schiestel wins face-off versus Tyler Brown in Bears zone.
19:56 of 3rd period - Bears, Karri Ramo is pulled from the net.
Goals for this period are 0 for Bears vs 1 for Marlies.
Shots for this period are 8 for Bears vs 17 for Marlies.


Output by the SimonT Hockey Simulator (STHS) for Eric Dolegowski -- Original Page W3C XHTML 1.0 Valid
Hockey Simulator - Hockey Simulation - Hockey Manager